 Dungeon Crawl Stone Soup version 0.20-a0-791-gf6451d4 (webtiles) character file.

1278 Amciq the Chopper (level 8, -6/71 HPs)
             Began as a Hill Orc Fighter on Mar 1, 2017.
             Was an Initiate of Yredelemnul.
             Mangled by Prince Ribbit (10 damage)
             ... on level 5 of the Dungeon.
             The game lasted 00:07:30 (3988 turns).

Amciq the Chopper (Hill Orc Fighter)                Turns: 3988, Time: 00:07:30

Health: -6/71      AC:  9    Str: 29    XL:     8   Next: 54%
Magic:  8/8        EV:  8    Int:  8    God:    Yredelemnul [......]
Gold:   233        SH: 11    Dex: 11    Spells: 7/7 levels left

rFire    . . .     SeeInvis .   a - +0 war axe
rCold    . . .     Gourm    .   b - +0 scale mail
rNeg     . . .     Faith    .   c - +0 shield
rPois    .         Spirit   .   p - +0 helmet
rElec    .         Reflect  .   (no cloak)
rCorr    .         Harm     .   (no gloves)
MR       .....                  (no boots)
Stlth    ..........             y - amulet of inaccuracy (curse)
Regen    0.3/turn               F - +4 ring of strength
MPRegen  0.2/turn               o - ring of flight

@: mighty
A: no striking features
a: Renounce Religion, Evoke Flight


You were on level 5 of the Dungeon.
You worshipped Yredelemnul.
Yredelemnul was noncommittal.
You were hungry.

You visited 1 branch of the dungeon, and saw 5 of its levels.

You collected 233 gold pieces.

Inventory:

Hand Weapons
 a - a +0 war axe (weapon)
Armour
 b - a +0 scale mail (worn)
 c - a +0 shield (worn)
 p - a +0 helmet (worn)
Jewellery
 o - a ring of flight (left hand)
 q - an uncursed amulet of guardian spirit
 y - a cursed amulet of inaccuracy (around neck)
 F - a +4 ring of strength (right hand)
Wands
 C - a wand of paralysis (9/24)
Scrolls
 e - a scroll of identify
 h - 4 scrolls of teleportation {unknown}
 i - 4 scrolls of magic mapping {unknown}
 k - 4 scrolls of amnesia {unknown}
 l - a scroll of remove curse {unknown}
 n - 4 scrolls of fear {unknown}
 r - 2 scrolls of recharging {unknown}
 w - a scroll of fog {unknown}
 z - a scroll of noise {unknown}
Potions
 g - 2 potions of invisibility
 j - a potion of agility {unknown}
 m - 3 potions of brilliance {unknown}
 s - 2 potions of ambrosia {unknown}
 t - 3 potions of berserk rage
 u - 2 potions of mutation {unknown}
 x - 2 potions of haste
 B - a potion of heal wounds
 E - a potion of curing
Comestibles
 f - 4 bread rations
 v - 2 meat rations
 A - 2 royal jellies
 D - 2 chunks of flesh


   Skills:
 + Level 6.8 Fighting
 + Level 7.0 Axes
 + Level 6.6 Armour
 + Level 6.4 Shields
 + Level 0.0 Invocations


You had 7 spell levels left.
You didn't know any spells.

Dungeon Overview and Level Annotations

Branches:
Dungeon (5/15)
 Temple: D:4-7

Altars:
Cheibriados
Nemelex Xobeh
Ru
Yredelemnul

Annotations:
D:5 Prince Ribbit


Message History

Prince Ribbit is heavily wounded.
You are feeling hungry.
You block Prince Ribbit's attack. x2
You closely miss Prince Ribbit.
Prince Ribbit is heavily wounded.
Prince Ribbit hits you but does no damage. x2
You miss Prince Ribbit.
Prince Ribbit is heavily wounded.
Prince Ribbit closely misses you. Prince Ribbit hits you!
* * * LOW HITPOINT WARNING * * *
You miss Prince Ribbit.
Prince Ribbit is heavily wounded.
You block Prince Ribbit's attack.
You miss Prince Ribbit.
Prince Ribbit is heavily wounded.
Prince Ribbit hits you.
* * * LOW HITPOINT WARNING * * *
Prince Ribbit hits you!
You die...
Your body rises from the dead as a mindless zombie.

#. #. #.##
#... #..#
#..# #..#
#.(# #.@#
#.F#
#..###
#....####
##.#....##
#.#.###.##
#..## ##.#
#..# #.#
##.##
##<#####


You could see Prince Ribbit.

Vanquished Creatures
  Pikel (D:4)
  2 yaks
  A slave (D:4)
  A big kobold (D:3)
  3 scorpions (D:4)
  An orc priest (D:4)
  An iguana (D:4)
  An orc wizard (D:3)
  Natasha (twice) (D:2)
  6 adders
  2 adder skeletons (D:4)
  2 worms
  4 dart slugs
  6 orcs
  A giant cockroach (D:1)
  6 goblins
  6 hobgoblins
  9 jackals
  10 kobolds
  A quokka (D:3)
  A ball python (D:4)
  9 bats
  A frilled lizard (D:3)
  A leopard gecko skeleton (D:4)
  A quokka skeleton (D:4)
  6 rats
  A spectral orc (D:4)
86 creatures vanquished.

Vanquished Creatures (others)
  A slave (D:4)
1 creature vanquished.

Grand Total: 87 creatures vanquished

Notes
Turn   | Place    | Note
-------+----------+-------------------------------------------
     0 | D:1      | Amciq the Hill Orc Fighter began the quest for the Orb.
     0 | D:1      | Reached XP level 1. HP: 19/19 MP: 1/1
   191 | D:1      | Reached XP level 2. HP: 27/27 MP: 2/2
   246 | D:1      | Reached skill level 3 in Axes
   684 | D:1      | Reached XP level 3. HP: 24/33 MP: 1/3
   912 | D:2      | Found a sparkling altar of Nemelex Xobeh.
   987 | D:2      | Noticed Natasha
   994 | D:2      | Killed Natasha
   994 | D:2      | Reached XP level 4. HP: 35/40 MP: 4/4
  1124 | D:2      | Found a snail-covered altar of Cheibriados.
  1265 | D:2      | Found a sparkling altar of Nemelex Xobeh.
  1298 | D:2      | Noticed Natasha
  1312 | D:2      | Killed Natasha
  1312 | D:2      | Reached skill level 4 in Axes
  1663 | D:3      | Reached XP level 5. HP: 41/47 MP: 5/5
  1697 | D:3      | Noticed a big kobold
  1742 | D:3      | Killed a big kobold
  1742 | D:3      | Reached XP level 6. HP: 55/55 MP: 6/6
  2324 | D:4      | Noticed a yak
  2334 | D:4      | Killed a yak
  2334 | D:4      | Reached skill level 5 in Fighting
  2334 | D:4      | Reached skill level 5 in Axes
  2334 | D:4      | Reached skill level 5 in Armour
  2334 | D:4      | Reached skill level 5 in Shields
  2338 | D:4      | Noticed a yak
  2343 | D:4      | Noticed a yak
  2346 | D:4      | Noticed a yak
  2347 | D:4      | Noticed a yak
  2348 | D:4      | Noticed a yak
  2361 | D:3      | Killed a yak
  2361 | D:3      | Reached XP level 7. HP: 30/61 MP: 3/7
  2713 | D:4      | Found a sacrificial altar of Ru.
  2714 | D:4      | Noticed Pikel
  2749 | D:4      | Killed Pikel
  2749 | D:4      | Reached skill level 6 in Axes
  2749 | D:4      | Reached XP level 8. HP: 31/71 MP: 4/8
  3476 | D:4      | Reached skill level 7 in Axes
  3708 | D:4      | Found a basalt altar of Yredelemnul.
  3722 | D:4      | Became a worshipper of Yredelemnul the Dark
  3926 | D:5      | Entered Level 5 of the Dungeon
  3966 | D:5      | Noticed Prince Ribbit
  3988 | D:5      | Mangled by Prince Ribbit

Vault maps used:
D:1:      onia_arrival_pyramid
D:2:      overflow_temple_1_default, lemuel_round_altar, nemelex_altar_shiori,
          uniq_natasha
D:4:      old_standard_altar, yredelemnul_forgotten_temple_becter, uniq_pikel
D:5:      overflow_temple_1_default, first_bread, kennysheep_generic_room_13,
          uniq_prince_ribbit1, uniq_sigmund

Skill      XL: |  1  2  3  4  5  6  7  8 |
---------------+-------------------------+-----
Axes           | 3 4 5 6 7 |  7.0
Fighting       | 4 5 6 |  6.8
Armour         | 4 5 6 |  6.6
Shields        | 4 5 6 |  6.4

Action                   |  1- 3 |  4- 6 |  7- 9 || total
-------------------------+-------+-------+-------++-------
Melee: War axe           |    96 |   147 |   117 ||   360
  Use: Potion            |       |     1 |     1 ||     2
       Scroll            |       |       |     5 ||     5
  Eat: Chunk             |       |     5 |     5 ||    10
Armor: Scale mail        |    50 |    67 |    25 ||   142
Dodge: Dodged            |    33 |    44 |    33 ||   110
Block: Shield            |    56 |    78 |    50 ||   184
